 Dungeon Crawl Stone Soup version 0.25.1-9-gc5326a611f (webtiles) character file.

Game seed: 15733765465433702488

135 Clowwww the Magician (level 5, 0/32 HPs)
             Began as an Octopode Wizard on Dec 30, 2020.
             Succumbed to a killer bee's poison
             ... on level 3 of the Dungeon.
             The game lasted 00:09:31 (3230 turns).

Clowwww the Magician (Octopode Wizard)              Turns: 3230, Time: 00:09:32

Health: 0/32       AC:  2    Str:  7    XL:     5   Next: 18%
Magic:  3/11       EV: 13    Int: 17    God:
Gold:   142        SH:  0    Dex: 10    Spells: 4/12 levels left

rFire    . . .     SeeInvis .   e - +2 hand axe (freeze)
rCold    . . .     Gourm    .   (no shield)
rNeg     . . .     Faith    .   a - +1 hat
rPois    .         Spirit   .   (no amulet)
rElec    .         Reflect  .   h - -4 ring of intelligence (curse)
rCorr    .         Harm     .   (no ring)
MR       .....                  (no ring)
Stlth    +++.......             (no ring)
HPRegen  0.10/turn              (no ring)
MPRegen  0.12/turn              (no ring)
                                (no ring)
                                (no ring)

@: lethally poisoned (0 -> -7), flying
A: almost no armour, stealthy swim, amphibious, 8 rings, constrict 8, camouflage
1, gelatinous body 1
a: no special abilities


You were on level 3 of the Dungeon.
You were not hungry.

You visited 1 branch of the dungeon, and saw 3 of its levels.

You collected 142 gold pieces.

Inventory:

Hand Weapons
 e - a +2 hand axe of freezing (weapon)
Armour
 a - a +1 hat (worn)
Jewellery
 h - a cursed -4 ring of intelligence (left tentacle)
Scrolls
 f - a scroll of teleportation
Potions
 b - a potion of invisibility
Comestibles
 c - 6 rations
 g - a chunk of flesh


   Skills:
 + Level 0.5 Fighting
 + Level 1.4 Axes
 + Level 2.2 Dodging
 + Level 3.1 Stealth
 + Level 4.4 Spellcasting
 + Level 1.1 Conjurations
 + Level 1.8 Summonings
 + Level 1.0 Translocations


You had 4 spell levels left.
You knew the following spells:

 Your Spells              Type           Power        Failure   Level  Hunger
a - Magic Dart            Conj           #...         10%         1    None
b - Call Imp              Summ           ##......     11%         2    ##.....
c - Blink                 Tloc           N/A          14%         2    ##.....
d - Mephitic Cloud        Conj/Pois/Air  #.......     36%         3    ###....

Your spell library contained the following spells:

 Spells                   Type           Power        Failure   Level  Hunger
 Slow                     Hex            #.......     22%         2    ##.....
 Conjure Flame            Conj/Fire      #.......     34%         3    ###....


Dungeon Overview and Level Annotations

Branches:
Dungeon (3/15)

Altars:


Innate Abilities, Weirdness & Mutations

You cannot wear most types of armour.
You are very stealthy in the water. (Stealth+)
You are amphibious.
You can wear up to eight rings at the same time.
You can use your tentacles to constrict eight enemies at once.
Your skin changes colour to match your surroundings (Stealth+).
Your rubbery body absorbs attacks. (AC +1, EV +1)


Message History

The killer bee closely misses you.
Casting: Mephitic Cloud (quite dangerous; 36% risk of failure)
Confirm with . or Enter, or press ? or * to list all spells.
You blink.
* * * LOW HITPOINT WARNING * * *
You feel sick. The killer bee misses you.
Unknown command.
Casting: Blink (safe; 14% risk of failure)
Confirm with . or Enter, or press ? or * to list all spells.
You blink.
* * * LOW HITPOINT WARNING * * *
You feel sick. The killer bee stings your crimson imp!
Your crimson imp dies!
The killer bee stings you.
* * * LOW HITPOINT WARNING * * *
The killer bee stings your iron imp. The killer bee closely misses you.
It was a potion of flight.
You feel very buoyant.
You fly up into the air.
You die...

......# ..###.# .## #.#
..###.# .#.##.# #.###.#
.####.###############
....#.......(.......###
###.#########...@.....#
# #.....§y.##.#.#
#.###.##y##.#.##
#.....5.....#
#..##y#.......
.....##y##....##
.##...yy. .#.## #......
# # #......


You could see 6 killer bees and a friendly iron imp (summoned).

Vanquished Creatures
  An orc wizard (D:3)
  An ooze (D:1)
  3 worms
  A dart slug (D:1)
  5 orcs (D:3)
  5 bats
  2 giant cockroaches (D:1)
  3 goblins
  8 hobgoblins
  4 jackals
  A quokka (D:3)
  5 frilled lizards
  3 kobolds
  4 rats (D:1)
46 creatures vanquished.

Vanquished Creatures (collateral kills)
  An orc priest (D:3)
  Terence (D:2)
  An adder (D:2)
  A worm (D:2)
  A dart slug (D:2)
  3 orcs (D:3)
  4 giant cockroaches
  A quokka (D:3)
  A frilled lizard (D:2)
  A rat (D:2)
15 creatures vanquished.

Vanquished Creatures (others)
  An orc (D:3)
1 creature vanquished.

Grand Total: 62 creatures vanquished

Notes
Turn   | Place    | Note
-------+----------+-------------------------------------------
     0 | D:1      | Clowwww the Octopode Wizard began the quest for the Orb.
     0 | D:1      | Reached XP level 1. HP: 11/11 MP: 4/4
   244 | D:1      | Reached XP level 2. HP: 17/17 MP: 1/6
   336 | D:1      | Learned a level 2 spell: Call Imp
   762 | D:1      | Reached XP level 3. HP: 21/21 MP: 1/8
  1024 | D:1      | Learned a level 2 spell: Blink
  1247 | D:2      | Reached skill level 4 in Spellcasting
  1683 | D:2      | Noticed Terence
  1709 | D:2      | Killed Terence
  1709 | D:2      | Reached skill level 1 in Axes
  1709 | D:2      | Reached XP level 4. HP: 27/27 MP: 0/10
  2611 | D:3      | Reached XP level 5. HP: 13/32 MP: 3/11
  3118 | D:3      | Learned a level 3 spell: Mephitic Cloud
  3229 | D:3      | HP: 1/32 [killer bee (2)]
  3230 | D:3      | Succumbed to a killer bee's poison

Illustrated notes

Levels and vault maps discovered:
D:1:      scummos_arrival_hexagon, layout_rooms
D:2:      layout_basic, uniq_terence
D:3:      layout_loops_ring, nicolae_overflow_crystal_walls, tso_altar

Skill      XL: |  1  2  3 |
---------------+----------+-----
Stealth        | 3 |  3.1
Spellcasting   | 4 |  4.4
Axes           | 1 |  1.4
Fighting       | |  0.5
Dodging        | |  2.2
Conjurations   | |  1.1
Summonings     | |  1.8
Translocations | |  1.0

Action                   |  1- 3 |  4- 6 || total
-------------------------+-------+-------++-------
Melee: Unarmed           |     6 |       ||     6
       Hand axe          |    27 |    24 ||    51
       Constrict         |     8 |     8 ||    16
       Tentacles         |     5 |     4 ||     9
 Cast: Magic Dart        |    69 |    34 ||   103
       Call Imp          |    17 |    15 ||    32
       Blink             |       |     3 ||     3
  Use: Scroll            |     1 |     4 ||     5
       Potion            |       |     1 ||     1
  Eat: Chunk             |     2 |     6 ||     8
Armor: Skin              |       |     2 ||     2
Dodge: Dodged            |    16 |    18 ||    34
